 Dungeon Crawl Stone Soup version 0.31-a0-1529-g7bd419a0e5 (webtiles) character file.

Game seed: 1631997586172053248

35 voltaire321 the Digger (level 3, -5/25 HPs)
             Began as a Demonspawn Earth Elementalist on Dec 31, 2023.
             Slain by a gnoll
             ... wielding a +0 whip
              (7 damage)
             ... on level 1 of the Dungeon.
             The game lasted 00:02:43 (903 turns).

voltaire321 the Digger (DsEE)                        Turns: 903, Time: 00:02:43

Health: -5/25      AC:  2    Str: 10    XL:     3   Next: 17%
Magic:  4/6        EV: 12    Int: 15    God:
Gold:   81         SH:  0    Dex: 13    Spells: 5/6 levels left

rFire   . . .        c - +0 short sword
rCold   . . .        (no shield)
rNeg    . . .        a - +0 robe
rPois   .            (no helmet)
rElec   .            (no cloak)
rCorr   .            (no gloves)
SInv    +            (no boots)
Will    .....        (no amulet)
Stlth   ++           f - ring of see invisible
HPRegen 0.24/turn    (no ring)
MPRegen 0.10/turn

%: no passive effects
@: no status effects
A: demonic guardian 1
a: no special abilities


You were on level 1 of the Dungeon.
You visited 1 branch of the dungeon, and saw 2 of its levels.

You collected 81 gold pieces.

Inventory:

Hand Weapons
 c - a +0 short sword (weapon)
Armour
 a - a +0 robe (worn)
Jewellery
 f - a ring of see invisible (left hand)
Scrolls
 e - 3 scrolls of fear {unknown}
 g - a scroll of identify {unknown}
 i - a scroll of acquirement {unknown}
Potions
 b - a potion of magic


   Skills:
 + Level 0.9 Fighting
 + Level 0.8 Armour
 + Level 2.1 Dodging
 - Level 1.7 Stealth
 + Level 2.2 Spellcasting
 + Level 2.9 Earth Magic
 + Level 1.4 Alchemy


You had 5 spell levels left.
You knew the following spells:

 Your Spells              Type           Power      Damage    Failure   Level
a - Sandblast             Erth           20%        2d7       6%          1

Your spell library contained the following spells:

 Spells                   Type           Power      Damage    Failure   Level
 Passwall                 Erth           10%        N/A       19%         3
 Magic Dart               Conj           4%         1d3       22%         1
 Blink                    Tloc           2%         N/A       32%         2
 Call Imp                 Summ           2%         N/A       32%         2
 Stone Arrow              Conj/Erth      12%        3d7       34%         3
 Petrify                  Alch/Erth      8%         N/A       65%         4
 Brom's Barrelling Bould  Conj/Erth      6%         2d3       75%         4


Dungeon Overview and Level Annotations

Branches:
Dungeon (2/15)

Altars:


Innate Abilities, Weirdness & Mutations

A weak demonic guardian rushes to your aid.


Message History

Found a stone staircase leading up.
The gnoll attacks as it pursues you! The gnoll hits you with a +0 whip!
The ball python attacks as it pursues you!
The ball python barely misses you. The ball python grabs you.
The ball python constricts you.
You escape the ball python's grasp.
The ball python attacks as it pursues you!
The ball python bites you. The ball python grabs you.
The ball python constricts you. The gnoll attacks as it pursues you!
The gnoll hits you with a +0 whip.
* * * LOW HITPOINT WARNING * * *
A demonic guardian appears!
You escape the ball python's grasp.
The gnoll attacks as it pursues you! The gnoll hits you with a +0 whip.
* * * LOW HITPOINT WARNING * * *
Your shadow imp hits the ball python.
The gnoll attacks as it pursues you! The gnoll closely misses you.
There is a stone staircase leading up here.
You climb upwards.
There is a stone staircase leading down here.
Aiming: Sandblast (safe; 6% risk of failure)
Press: ? - help, Q - select action Shift-Dir - straight line, f - gnoll
Aim: a gnoll, wielding a +0 whip (lightly wounded, 84% to hit)
The blast of sand hits the gnoll.
The gnoll is moderately wounded.
The gnoll hits you with a +0 whip.
* * * LOW HITPOINT WARNING * * *
It was a potion of curing.
You feel better. The gnoll hits you with a +0 whip.
* * * LOW HITPOINT WARNING * * *
As you read the scroll labelled HADAPT NUEDGHUY, it crumbles to dust.
You hear a loud clanging noise!
It was a scroll of noise.
The gnoll hits you with a +0 whip.
* * * LOW HITPOINT WARNING * * *
Aiming: Sandblast (safe; 6% risk of failure)
Press: ? - help, Q - select action Shift-Dir - straight line, f/p - gnoll
Aim: a gnoll, wielding a +0 whip (moderately wounded, 84% to hit)
The blast of sand hits the gnoll.
The gnoll is heavily wounded.
The gnoll barely misses you. The gnoll hits you with a +0 whip!
You die...

.......#..##..........#######.#
..#######.....................#
..# ###................#### ..#
#................# ..#
#####................# ..#
#.....####....#.###### ..#
###.###.####.##.#.# ..#
#...#.#......#....#
..###.#...#.####@...###
......#.#.#.....g...#
#.#####.#.########### #.#
#.#.#.# #.# #.#.#.# #.###.#.#.#
#.......#.# #####...#.#
#.##.##.#


You could see a gnoll.

Vanquished Creatures
  An adder (D:2)
  2 dart slugs
  An endoplasm (D:1)
  3 giant cockroaches (D:1)
  3 goblins (D:1)
  2 hobgoblins (D:1)
  A quokka (D:1)
  2 ball pythons (D:1)
  2 bats
  A frilled lizard (D:1)
  A kobold (D:1)
  A rat (D:2)
20 creatures vanquished.

Vanquished Creatures (collateral kills)
  A bat (D:2)
1 creature vanquished.

Grand Total: 21 creatures vanquished

Notes
Turn   | Place    | Note
-------+----------+-------------------------------------------
     0 | D:1      | voltaire321 the Demonspawn Earth Elementalist began the
                  | quest for the Orb.
     0 | D:1      | Reached XP level 1. HP: 13/13 MP: 3/3
   232 | D:1      | Gained mutation: A weak demonic guardian rushes to your
                  | aid. [demonic ancestry]
   232 | D:1      | Reached XP level 2. HP: 20/20 MP: 3/5
   765 | D:2      | Reached XP level 3. HP: 25/25 MP: 2/6
   895 | D:2      | HP: 1/25 [gnoll/+0 whip (5)]
   900 | D:1      | HP: 1/25 [gnoll/+0 whip (2)]
   903 | D:1      | Slain by a gnoll

Illustrated notes

Levels and vault maps discovered:
D:1:      dpeg_arrival_erosion, layout_basic, minmay_misc_feat_tower
D:2:      layout_basic

Skill      XL: |  1  2 |
---------------+-------+-----
Dodging        | 2 |  2.1
Fighting       | |  0.9
Armour         | |  0.8
Stealth        | |  1.7
Spellcasting   | |  2.2
Earth Magic    | |  2.9
Alchemy        | |  1.4

Action                     || total
---------------------------++-------
   Cast: Sandblast         ||    35
    Use: Scroll            ||     1
         Potion            ||     1
 Armour: Robe              ||    16
  Dodge: Dodged            ||    10

Table legend: (Time is in decaauts)
 A = Elapsed time spent in this place.
 B = Non-inter-level travel time spent in this place.
 C = Inter-level travel time spent in this place.
 D = Time resting spent in this place.
 E = Time spent auto-exploring this place.
 F = Levels seen in this place.
 G = Mean time per level.
                   A        B        C        D        E       F      G
               +--------+--------+--------+--------+--------+-----+--------+
         Total |    919 |    889 |     30 |     93 |    565 |   2 |  459.5 |
       Dungeon |    919 |    889 |     30 |     93 |    565 |   2 |  459.5 |
               +--------+--------+--------+--------+--------+-----+--------+

Top non-repeatable levels by time:
     D:1: 773 daAuts
     D:2: 146 daAuts
